 Dungeon Crawl Stone Soup version 0.21.1-1-g345015f (webtiles) character file.

175 tidbits the Insei (level 5, -2/41 HPs)
             Began as a Gnoll Transmuter on Feb 26, 2018.
             Slain by an ogre
             ... wielding a +0 giant club
              (29 damage)
             ... on level 4 of the Dungeon.
             The game lasted 00:09:15 (1038 turns).

tidbits the Insei (Gnoll Transmuter)                Turns: 1038, Time: 00:09:16

Health: -2/41      AC:  2    Str: 13    XL:     5   Next: 55%
Magic:  6/12       EV: 24    Int: 16    God:
Gold:   178        SH:  5    Dex: 20    Spells: 8/14 levels left

rFire    . . .     SeeInvis .     - Unarmed
rCold    . . .     Gourm    .   (shield currently unavailable)
rNeg     . . .     Faith    .   (armour currently unavailable)
rPois    x         Spirit   .   (helmet currently unavailable)
rElec    .         Reflect  +   (cloak currently unavailable)
rCorr    .         Harm     .   (gloves currently unavailable)
MR       .....                  (boots currently unavailable)
Stlth    ++........             x - +5 amulet of reflection
HPRegen  0.13/turn              (no ring)
MPRegen  0.13/turn              (no ring)

@: spider-form
A: tiny, distributed training, strong nose
a: End Transformation


You were on level 4 of the Dungeon.
You were hungry.
You were a venomous arachnid creature.
You visited 1 branch of the dungeon, and saw 4 of its levels.

You collected 178 gold pieces.

Inventory:

Hand Weapons
 i - a +0 dagger
 k - a +0 dagger
 y - a +0 hunting sling
Missiles
 a - 88 arrows
 b - a throwing net (quivered) {!f}
 z - 11 stones
Armour
 n - a +0 ring mail
 u - a +0 hat
 B - a +0 robe (melded)
 G - a +0 pair of gloves (melded)
Jewellery
 t - a +3 amulet of reflection
   (You found it on level 3 of the Dungeon)
 x - a +5 amulet of reflection (around neck)
   (You found it on level 3 of the Dungeon)
Scrolls
 o - a scroll of random uselessness {unknown}
 p - 2 scrolls of blinking {unknown}
 q - a scroll of immolation
 r - a scroll of teleportation
 s - 2 scrolls of noise {unknown}
 w - 2 scrolls of remove curse
Potions
 f - 2 potions of degeneration {unknown}
 g - 2 potions of brilliance {unknown}
 h - a potion of flight {unknown}
 j - a potion of lignification {unknown}
 l - a potion of might {unknown}
 m - 2 potions of curing {unknown}
 v - a potion of ambrosia {unknown}
Books
 c - a book of Changes

   Spells                             Type                      Level
   a - Beastly Appendage              Transmutation                1
   b - Sticks to Snakes               Transmutation                2
   c - Spider Form                    Transmutation/Poison         3
   d - Ice Form                       Ice/Transmutation            4
   e - Blade Hands                    Transmutation                5
Comestibles
 d - 4 rations


   Skills:
 + Level 3.0 Fighting
 + Level 1.5 Short Blades
 + Level 1.5 Long Blades
 + Level 1.5 Axes
 + Level 1.5 Maces & Flails
 + Level 1.5 Polearms
 + Level 1.5 Staves
 + Level 1.5 Slings
 + Level 1.5 Bows
 + Level 1.5 Crossbows
 + Level 1.5 Throwing
 + Level 1.5 Armour
 + Level 4.8 Dodging
 + Level 1.5 Stealth
 + Level 1.5 Shields
 + Level 6.7 Unarmed Combat
 + Level 5.2 Spellcasting
 + Level 1.2 Conjurations
 + Level 1.2 Hexes
 + Level 1.2 Charms
 + Level 1.2 Summonings
 + Level 1.2 Necromancy
 + Level 1.2 Translocations
 + Level 4.0 Transmutations
 + Level 1.2 Fire Magic
 + Level 1.2 Ice Magic
 + Level 1.2 Air Magic
 + Level 1.2 Earth Magic
 + Level 1.2 Poison Magic
 + Level 1.7 Invocations
 + Level 1.5 Evocations


You had 8 spell levels left.
You knew the following spells:

 Your Spells              Type           Power        Failure   Level  Hunger
e - Beastly Appendage     Tmut           ###...       11%         1    None
k - Sticks to Snakes      Tmut           ###.....     13%         2    #......
p - Spider Form           Tmut/Pois      ##........   34%         3    ###....


Dungeon Overview and Level Annotations

Branches:
Dungeon (4/15)
 Temple: D:4-7

Altars:
Kikubaaqudgha
Ru


Innate Abilities, Weirdness & Mutations

Your experience applies equally to all skills.
((You have very sharp teeth.))
Your uncanny sense of smell can sniff out nearby items.


Message History

Your transformation has ended.
Your +0 pair of gloves unmelds from your body.
Your +0 robe unmelds from your body.
Found a scroll labeled NAC URRIZO.
You see here a scroll labeled KEUDAN PUPTA.
p - 2 scrolls labeled KEUDAN PUPTA (gained 1)
You see here a scroll labeled NAC URRIZO.
e - 3 scrolls labeled NAC URRIZO (gained 1)
As you read the scroll labeled NAC URRIZO, it crumbles to dust.
It is a scroll of identify.
r - a scroll of teleportation
As you read the scroll of identify, it crumbles to dust.
w - 2 scrolls of remove curse
As you read the scroll of identify, it crumbles to dust.
q - a scroll of immolation You are feeling hungry.
There is a stone staircase leading down here.
Okay, then.
You climb downwards.
There is a stone staircase leading up here.
Unknown command.
You open the door.
There is an open door here.
You open the door.
There is an open door here.
An orc comes into view. It is wielding a falchion.
The orc moves out of view.
Casting: Spider Form
Confirm with . or Enter, or press ? or * to list all spells.
You turn into a venomous arachnid creature.
Your +0 pair of gloves melds into your body.
Your +0 robe melds into your body.
An orc comes into view. It is wielding a mace.
Casting: Spider Form
Confirm with . or Enter, or press ? or * to list all spells.
You create a snake!
You now have 88 arrows.
The orc shouts!
You hear an angry hiss.
An orc comes into view. It is wielding a flail.
The orc shouts!
Your transformation is almost over.
An iguana comes into view.
You swap places.
Unknown command.
You bite the orc!
You kill the orc!
The orc misses you.
You hit the orc.
The orc is poisoned.
The orc is severely wounded.
You kill the orc!
Your ball python bites the orc.
Your ball python grabs the orc.
Your ball python constricts the orc.
You bite the orc!
You kill the orc!
You barely miss the orc priest.
Your ball python bites the orc priest.
Your ball python grabs the orc priest.
Your ball python constricts the orc priest.
The orc priest calls down the wrath of Beogh upon you.
Pain shoots through your body!
You bite the orc priest!
The orc priest is poisoned.
The orc priest is almost dead.
Your ball python bites the orc priest but does no damage.
Your ball python constricts the orc priest.
You hit the orc priest but do no damage.
The orc priest is almost dead.
The orc priest calls down the wrath of Beogh upon you.
You barely resist.
Your ball python bites the orc priest.
The orc priest dies!
Your ball python looks stronger.
The iguana misses you.
The orc closely misses your ball python.
You bite the iguana!
The iguana is poisoned.
The iguana is severely wounded.
Your ball python bites the iguana but does no damage.
Your ball python grabs the iguana.
Your ball python constricts the iguana.
The iguana barely misses your ball python.
The ogre closely misses your ball python.
You hit the iguana.
The iguana looks as sick as possible!
The iguana is almost dead.
Your transformation has ended.
Your +0 pair of gloves unmelds from your body.
Your +0 robe unmelds from your body.
You kill the iguana!
Your Fighting skill increases to level 3!
Your Transmutations skill increases to level 4!
Your ball python bites the orc.
Your ball python grabs the orc.
Your ball python constricts the orc.
The orc struggles to escape constriction.
Casting: Sticks to Snakes
Confirm with . or Enter, or press ? or * to list all spells.
You turn into a venomous arachnid creature.
Your +0 pair of gloves melds into your body.
Your +0 robe melds into your body.
Your ball python bites the orc.
Your ball python constricts the orc.
The orc closely misses your ball python.
You bite the ogre!
The ogre is heavily wounded.
Your ball python bites the orc.
Your ball python constricts the orc.
The ogre hits you with a giant club!!
Ouch! That really hurt!
You die...

......#.#.#. #########
#............ #........
#.....#.#.#.# #.######.
##.........#.# #.#...##.
.............###'#...##.
.....................##.
......)o.............##.
#OS............##.
#s..........÷<.'..
#............÷.###
#..............+
#..............#
#..............#
#..............#
#..............#
#..............#
#...........####


You could see an ogre, an orc and a friendly ball python.

Vanquished Creatures
  An iguana (D:4)
  A gnoll (D:3)
  An adder (D:3)
  A worm (D:3)
  A dart slug (D:1)
  3 leopard geckos (D:2)
  4 orcs (D:4)
  7 bats
  2 giant cockroaches
  8 goblins
  3 hobgoblins
  9 jackals
  A quokka (D:2)
  3 ball pythons
  2 frilled lizards
  6 kobolds
  5 rats
58 creatures vanquished.

Vanquished Creatures (collateral kills)
  An orc priest (D:4)
  A worker ant (D:2)
  An adder (D:4)
  A worm (D:2)
  A giant cockroach (D:2)
  A jackal (D:4)
  2 frilled lizards (D:2)
  A rat (D:1)
9 creatures vanquished.

Grand Total: 67 creatures vanquished

Notes
Turn   | Place    | Note
-------+----------+-------------------------------------------
     0 | D:1      | tidbits the Gnoll Transmuter began the quest for the Orb.
     0 | D:1      | Reached XP level 1. HP: 17/17 MP: 6/6
    86 | D:1      | Reached XP level 2. HP: 8/23 MP: 5/7
    90 | D:1      | Learned a level 2 spell: Sticks to Snakes
   398 | D:1      | Reached XP level 3. HP: 19/28 MP: 7/9
   403 | D:1      | Learned a level 3 spell: Spider Form
   481 | D:2      | Reached skill level 5 in Spellcasting
   561 | D:2      | Reached skill level 1 in Short Blades
   561 | D:2      | Reached skill level 1 in Long Blades
   561 | D:2      | Reached skill level 1 in Axes
   561 | D:2      | Reached skill level 1 in Maces & Flails
   561 | D:2      | Reached skill level 1 in Polearms
   561 | D:2      | Reached skill level 1 in Staves
   561 | D:2      | Reached skill level 1 in Slings
   561 | D:2      | Reached skill level 1 in Bows
   561 | D:2      | Reached skill level 1 in Crossbows
   561 | D:2      | Reached skill level 1 in Throwing
   561 | D:2      | Reached skill level 1 in Armour
   561 | D:2      | Reached skill level 1 in Stealth
   561 | D:2      | Reached skill level 1 in Shields
   561 | D:2      | Reached skill level 1 in Invocations
   561 | D:2      | Reached skill level 1 in Evocations
   589 | D:3      | Reached XP level 4. HP: 34/34 MP: 2/11
   614 | D:2      | Found an ancient bone altar of Kikubaaqudgha.
   752 | D:4      | Reached skill level 1 in Conjurations
   752 | D:4      | Reached skill level 1 in Hexes
   752 | D:4      | Reached skill level 1 in Charms
   752 | D:4      | Reached skill level 1 in Summonings
   752 | D:4      | Reached skill level 1 in Necromancy
   752 | D:4      | Reached skill level 1 in Translocations
   752 | D:4      | Reached skill level 1 in Fire Magic
   752 | D:4      | Reached skill level 1 in Ice Magic
   752 | D:4      | Reached skill level 1 in Air Magic
   752 | D:4      | Reached skill level 1 in Earth Magic
   752 | D:4      | Reached skill level 1 in Poison Magic
   768 | D:4      | Noticed an ogre
   817 | D:3      | Found a sacrificial altar of Ru.
   900 | D:3      | Reached XP level 5. HP: 40/40 MP: 8/12
  1036 | D:4      | Reached skill level 3 in Fighting
  1036 | D:4      | Reached skill level 4 in Transmutations
  1038 | D:4      | Slain by an ogre

Skill      XL: |  1  2  3  4  5 |
---------------+----------------+-----
Spellcasting   | 5 |  5.2
Short Blades   | 1 |  1.5
Long Blades    | 1 |  1.5
Axes           | 1 |  1.5
Maces & Flails | 1 |  1.5
Polearms       | 1 |  1.5
Staves         | 1 |  1.5
Slings         | 1 |  1.5
Bows           | 1 |  1.5
Crossbows      | 1 |  1.5
Throwing       | 1 |  1.5
Armour         | 1 |  1.5
Stealth        | 1 |  1.5
Shields        | 1 |  1.5
Invocations    | 1 |  1.7
Evocations     | 1 |  1.5
Conjurations   | 1 |  1.2
Hexes          | 1 |  1.2
Charms         | 1 |  1.2
Summonings     | 1 |  1.2
Necromancy     | 1 |  1.2
Translocations | 1 |  1.2
Fire Magic     | 1 |  1.2
Ice Magic      | 1 |  1.2
Air Magic      | 1 |  1.2
Earth Magic    | 1 |  1.2
Poison Magic   | 1 |  1.2
Fighting       | 3 |  3.0
Transmutations | 4 |  4.0
Dodging        | |  4.8
Unarmed Combat | |  6.7

Action                   |  1- 3 |  4- 6 || total
-------------------------+-------+-------++-------
Melee: Unarmed           |    82 |    67 ||   149
       Headbutt          |     6 |       ||     6
       Bite              |     2 |       ||     2
       Punch             |     1 |       ||     1
 Cast: Beastly Appendage |    13 |       ||    13
       Sticks to Snakes  |     3 |     4 ||     7
       Spider Form       |     5 |    10 ||    15
  Use: Scroll            |       |     3 ||     3
 Stab: Sleeping          |     2 |     1 ||     3
       Distracted        |       |     1 ||     1
  Eat: Chunk             |       |     1 ||     1
Armor: Robe              |     9 |     2 ||    11
       Skin              |       |     7 ||     7
Dodge: Dodged            |    65 |    49 ||   114
Block: Other             |       |    12 ||    12

Table legend:
 A = Turns spent in this place as a percentage of turns spent in the entire game.
 B = Non-inter-level travel turns spent in this place as a percentage of non-inter-level travel turns spent in the entire game.
 C = Inter-level travel turns spent in this place as a percentage of turns spent in this place.
 D = Turns resting spent in this place as a percentage of non-inter-level travel turns spent in this place.
 E = Turns spent auto-exploring this place as a percentage of non-inter-level travel turns spent in this place.
 F = Non-inter-level travel turns spent in this place divided by the number of levels of this place that you've seen.
                   A       B       C       D       E      F
               +-------+-------+-------+-------+-------+----------------------
         Total | 100.0 | 100.0 |   0.0 |   0.0 |   0.0 | 259.5
       Dungeon | 100.0 | 100.0 |   0.0 |   0.0 |   0.0 | 259.5
               +-------+-------+-------+-------+-------+----------------------

Table legend:
 A = Kills in this place as a percentage of kills in entire the game.
 B = Kills by you in this place as a percentage of kills by you in the entire game.
 C = Kills by friends in this place as a percentage of kills by friends in the entire game.
 D = Other kills in this place as a percentage of other kills in the entire game.
 E = Experience gained in this place as a percentage of experience gained in the entire game.
 F = Experience gained in this place divided by the number of levels of this place that you have seen.
                   A       B       C       D       E      F
               +-------+-------+-------+-------+-------+----------------------
         Total | 100.0 | 100.0 | 100.0 |   N/A | 100.0 |  62.8
       Dungeon | 100.0 | 100.0 | 100.0 |   N/A | 100.0 |  62.8
               +-------+-------+-------+-------+-------+----------------------

Vault maps used:
D:1:      ncdulo_lavacross
D:2:      lemuel_crystal_altar
D:3:      nicolae_ru_sacrificial_ziggurat
D:4:      old_standard_altar, first_ration, st_stairs_12, abandoned_shop
